TOP OF THE 1ST |
Nebraska Cornhuskers batting - Pitching for California Golden Bears : LHP Dave Blackwell
|
Pitching: LHP Dave Blackwell
|
|
Batting: LHB Manny Salazar
|
0-0: Ground out 5-3 (Groundball, 56)
|
Batting: LHB Gilberto Ramírez
|
0-0: Ball 1-0: Ball 2-0: Ground out 1-3 (Groundball, 13)
|
Batting: RHB John Denton
|
0-0: Ball 1-0: Ball 2-0: Ball 3-0: Base on Balls
|
Batting: RHB Eugene Allen
|
0-0: Ball 1-0: Ground out 1-3 (Groundball, 15S)
|
Top of the 1st over - 0 run(s), 0 hit(s), 0 error(s), 1 left on base; Nebraska 0 - California 0 |
BOTTOM OF THE 1ST |
California Golden Bears batting - Pitching for Nebraska Cornhuskers : LHP Sean Perry
|
Pitching: LHP Sean Perry
|
|
Batting: LHB António Costa
|
0-0: Foul Ball, location: 2F 0-1: Ball 1-1: Swinging Strike 1-2: Foul Ball, location: 2F 1-2: Fly out, F7 (Line Drive, 7M)
|
Batting: RHB Júlio López
|
0-0: Ball 1-0: Called Strike 1-1: Bunt for hit - play at first, batter safe!
|
Batting: RHB Stanley Robbins
|
0-0: Called Strike 0-1: Ball 1-1: DOUBLE (Line Drive, 78S) Júlio López to third
|
Batting: SHB Chris Woods
|
0-0: Ball 1-0: Foul Ball, location: 2F 1-1: Ball 2-1: Foul Ball, location: 2F 2-2: Strikes out swinging
|
Batting: RHB Albert Alemán
|
0-0: Called Strike 0-1: Ground out 6-3 (Groundball, 6M)
|
Bottom of the 1st over - 0 run(s), 2 hit(s), 0 error(s), 2 left on base; Nebraska 0 - California 0 |
TOP OF THE 2ND |
Nebraska Cornhuskers batting - Pitching for California Golden Bears : LHP Dave Blackwell
|
Batting: RHB Ralph Powell
|
0-0: Ball 1-0: Ball 2-0: Ball 3-0: Base on Balls
|
Batting: LHB Dennis Fontenot
|
0-0: Called Strike 0-1: Foul Ball, location: 2F 0-2: Strikes out swinging
|
Batting: SHB William Hamilton
|
0-0: SINGLE (Line Drive, 4D) Ralph Powell to second
|
Batting: SHB Conan Hanson
|
0-0: Fielders Choice at 2nd, 5-4 (Groundball, 56) Ralph Powell to third
|
Batting: RHB Dwight Lewis
|
0-0: Foul Ball, location: 2F 0-1: Ball 1-1: SINGLE (Line Drive, 7LS) Ralph Powell scores Conan Hanson to second
|
Batting: LHB Manny Salazar
|
0-0: Ball 1-0: Ball 2-0: Ball 3-0: Called Strike 3-1: Base on Balls Conan Hanson to third Dwight Lewis to second
|
Batting: LHB Gilberto Ramírez
|
0-0: Ball 1-0: Ball 2-0: Fielders Choice at 2nd, U4 (Groundball, 4M)
|
Top of the 2nd over - 1 run(s), 2 hit(s), 0 error(s), 3 left on base; Nebraska 1 - California 0 |
BOTTOM OF THE 2ND |
California Golden Bears batting - Pitching for Nebraska Cornhuskers : LHP Sean Perry
|
Batting: RHB Richard Stroud
|
0-0: Called Strike 0-1: Ground out 4-3 (Groundball, 4)
|
Batting: LHB Noah Gillespie
|
0-0: Foul Ball, location: 2F 0-1: Ball 1-1: Ball 2-1: Ball 3-1: Ground out 3-1 (Groundball, 34)
|
Batting: SHB Jeff McGill
|
0-0: Ball 1-0: Ground out 6-3 (Groundball, 6M)
|
Bottom of the 2nd over - 0 run(s), 0 hit(s), 0 error(s), 0 left on base; Nebraska 1 - California 0 |
TOP OF THE 3RD |
Nebraska Cornhuskers batting - Pitching for California Golden Bears : LHP Dave Blackwell
|
Batting: RHB John Denton
|
0-0: Called Strike 0-1: Ball 1-1: Ball 2-1: Foul Ball, location: 2F 2-2: Ground out 6-3 (Groundball, 56)
|
Batting: RHB Eugene Allen
|
0-0: Called Strike 0-1: Foul Ball, location: 2F 0-2: Ball 1-2: Foul Ball, location: 2F 1-2: Strikes out swinging
|
Batting: RHB Ralph Powell
|
0-0: Ball 1-0: Ball 2-0: Ball 3-0: Called Strike 3-1: Ground out 1-3 (Groundball, 4S)
|
Top of the 3rd over - 0 run(s), 0 hit(s), 0 error(s), 0 left on base; Nebraska 1 - California 0 |
BOTTOM OF THE 3RD |
California Golden Bears batting - Pitching for Nebraska Cornhuskers : LHP Sean Perry
|
Batting: RHB John Mason
|
0-0: Called Strike 0-1: Ball 1-1: Ball 2-1: Foul Ball, location: 2F 2-2: Strikes out looking
|
Batting: LHB António Costa
|
0-0: Ball 1-0: Bunted foul 1-1: Ground out 6-3 (Groundball, 6MD)
|
Batting: RHB Júlio López
|
0-0: Ball 1-0: Swinging Strike 1-1: SINGLE (Flyball, 89S)
|
Batting: RHB Stanley Robbins
|
0-0: Foul Ball, location: 2F 0-1: Ball 1-1: Swinging Strike 1-2: SINGLE (Groundball, 6MD) Júlio López to second Júlio López to third
|
Batting: SHB Chris Woods
|
0-0: Ball 1-0: Foul Ball, location: 2F 1-1: Foul Ball, location: 2F 1-2: Strikes out swinging
|
Bottom of the 3rd over - 0 run(s), 2 hit(s), 0 error(s), 2 left on base; Nebraska 1 - California 0 |
TOP OF THE 4TH |
Nebraska Cornhuskers batting - Pitching for California Golden Bears : LHP Dave Blackwell
|
Batting: LHB Dennis Fontenot
|
0-0: Foul Ball, location: 2F 0-1: Ball 1-1: Ground out U3 (Groundball, 3L)
|
Pitching: RHP Keith Unruh
|
|
Batting: SHB William Hamilton
|
0-0: Foul Ball, location: 2F 0-1: Fly out, F8 (Flyball, 8RXD)
|
Batting: SHB Conan Hanson
|
0-0: SINGLE (Line Drive, 56D)
|
Batting: RHB Dwight Lewis
|
0-0: Ball 1-0: Called Strike 1-1: SINGLE (Groundball, 56D) Conan Hanson to second
|
Batting: LHB Manny Salazar
|
0-0: Called Strike 0-1: Swinging Strike 0-2: SINGLE (Line Drive, 6MD) Conan Hanson to third Dwight Lewis to second Runner from 3rd tries for Home, SAFE, no throw or cutoff
|
Batting: LHB Gilberto Ramírez
|
0-0: Ground out 1-3 (Groundball, 13)
|
Top of the 4th over - 1 run(s), 3 hit(s), 0 error(s), 2 left on base; Nebraska 2 - California 0 |
BOTTOM OF THE 4TH |
California Golden Bears batting - Pitching for Nebraska Cornhuskers : LHP Sean Perry
|
Batting: RHB Albert Alemán
|
0-0: Called Strike 0-1: Ball 1-1: Ball 2-1: Ball 3-1: Foul Ball, location: 2F 3-2: Foul Ball, location: 2F 3-2: Foul Ball, location: 2F 3-2: Ground out 6-3 (Groundball, 6)
|
Batting: RHB Richard Stroud
|
0-0: Foul Ball, location: 2F 0-1: DOUBLE (Flyball, 7M)
|
Batting: LHB Noah Gillespie
|
0-0: Ball 1-0: Swinging Strike 1-1: SINGLE (Line Drive, 7LS) Richard Stroud to third
|
Batting: SHB Jeff McGill
|
0-0: SINGLE (Flyball, 89M) Richard Stroud scores Noah Gillespie to second
|
Batting: RHB John Mason
|
0-0: Ground out 3-1 (Groundball, 34) Noah Gillespie to third Jeff McGill to second
|
Batting: LHB António Costa
|
0-0: Called Strike 0-1: Ball 1-1: Foul Ball, location: 2F 1-2: Ground out 4-3 (Groundball, 4M)
|
Bottom of the 4th over - 1 run(s), 3 hit(s), 0 error(s), 2 left on base; Nebraska 2 - California 1 |
TOP OF THE 5TH |
Nebraska Cornhuskers batting - Pitching for California Golden Bears : RHP Keith Unruh
|
Batting: RHB John Denton
|
0-0: Ball 1-0: Ground out 5-3 (Groundball, 5S)
|
Batting: RHB Eugene Allen
|
0-0: Fly out, F9 (Flyball, 89S)
|
Batting: RHB Ralph Powell
|
0-0: Ground out 6-3 (Groundball, 6M)
|
Top of the 5th over - 0 run(s), 0 hit(s), 0 error(s), 0 left on base; Nebraska 2 - California 1 |
BOTTOM OF THE 5TH |
California Golden Bears batting - Pitching for Nebraska Cornhuskers : LHP Sean Perry
|
Batting: RHB Júlio López
|
0-0: Ball 1-0: Reached on error, E4 (Groundball, 34)
|
Batting: RHB Stanley Robbins
|
0-0: Ball 1-0: Called Strike 1-1: Swinging Strike 1-2: Foul Ball, location: 2F 1-2: Strikes out swinging
|
Batting: SHB Chris Woods
|
0-0: Ball 1-0: Ground out 5-3 (Groundball, 56)
|
Batting: RHB Albert Alemán
|
0-0: Ground out 6-3 (Groundball, 6)
|
Bottom of the 5th over - 0 run(s), 0 hit(s), 1 error(s), 1 left on base; Nebraska 2 - California 1 |
TOP OF THE 6TH |
Nebraska Cornhuskers batting - Pitching for California Golden Bears : RHP Keith Unruh
|
Batting: LHB Dennis Fontenot
|
0-0: Called Strike 0-1: Called Strike 0-2: Strikes out swinging
|
Batting: SHB William Hamilton
|
0-0: Ball 1-0: Ball 2-0: Foul Ball, location: 2F 2-1: Ball 3-1: Foul Ball, location: 2F 3-2: SINGLE (Groundball, 34D)
|
Batting: SHB Conan Hanson
|
0-0: Called Strike 0-1: Ball 1-1: Foul Ball, location: 2F 1-2: Strikes out swinging
|
Batting: RHB Dwight Lewis
|
0-0: Ball 1-0: Fielders Choice at 2nd, 5-4 (Groundball, 56)
|
Top of the 6th over - 0 run(s), 1 hit(s), 0 error(s), 0 left on base; Nebraska 2 - California 1 |
BOTTOM OF THE 6TH |
California Golden Bears batting - Pitching for Nebraska Cornhuskers : LHP Sean Perry
|
Batting: RHB Richard Stroud
|
0-0: Swinging Strike 0-1: Called Strike 0-2: Strikes out swinging
|
Batting: LHB Noah Gillespie
|
0-0: Foul Ball, location: 2F 0-1: Ground out 4-3 (Groundball, 4)
|
Batting: SHB Jeff McGill
|
0-0: Called Strike 0-1: Fly out, F7 (Flyball, 78M)
|
Bottom of the 6th over - 0 run(s), 0 hit(s), 0 error(s), 0 left on base; Nebraska 2 - California 1 |
TOP OF THE 7TH |
Nebraska Cornhuskers batting - Pitching for California Golden Bears : RHP Keith Unruh
|
Pitching: RHP Steve Deal
|
|
Batting: LHB Manny Salazar
|
0-0: Swinging Strike 0-1: Ground out 1-3 (Groundball, 15)
|
Batting: LHB Gilberto Ramírez
|
0-0: Ball 1-0: SINGLE (Groundball, 34D)
|
Batting: RHB John Denton
|
0-0: Called Strike 0-1: DOUBLE (Line Drive, 5L) Gilberto Ramírez to third
|
Batting: RHB Eugene Allen
|
0-0: Intentional Walk
|
Batting: RHB Ralph Powell
|
0-0: Ball 1-0: Fielders Choice at 2nd, 6-4 (Groundball, 6M) Gilberto Ramírez scores John Denton to third
|
Batting: LHB Dennis Fontenot
|
0-0: Called Strike 0-1: Ground out 4-3 (Groundball, 4)
|
Top of the 7th over - 1 run(s), 2 hit(s), 0 error(s), 2 left on base; Nebraska 3 - California 1 |
BOTTOM OF THE 7TH |
California Golden Bears batting - Pitching for Nebraska Cornhuskers : LHP Sean Perry
|
Pitching: LHP Richard McClellan
|
|
Batting: RHB John Mason
|
0-0: Ball 1-0: Ball 2-0: Ball 3-0: Base on Balls
|
Batting: LHB António Costa
|
0-0: Ball 1-0: Called Strike 1-1: Ball 2-1: Ball 3-1: Foul Ball, location: 2F 3-2: Strikes out swinging
|
Batting: RHB Júlio López
|
0-0: Foul Ball, location: 2F 0-1: Swinging Strike 0-2: Strikes out swinging
|
Batting: RHB Stanley Robbins
|
0-0: SINGLE (Groundball, 6) John Mason to second
|
Batting: SHB Chris Woods
|
0-0: Ball 1-0: Called Strike 1-1: Ball 2-1: Ground out 6-3 (Groundball, 6)
|
Bottom of the 7th over - 0 run(s), 1 hit(s), 0 error(s), 2 left on base; Nebraska 3 - California 1 |
TOP OF THE 8TH |
Nebraska Cornhuskers batting - Pitching for California Golden Bears : RHP Steve Deal
|
Batting: SHB William Hamilton
|
0-0: Ball 1-0: Swinging Strike 1-1: Foul Ball, location: 2F 1-2: Ball 2-2: Ball 3-2: SINGLE (Line Drive, 34)
|
Batting: SHB Conan Hanson
|
0-0: Ball 1-0: Bunted foul 1-1: Called Strike 1-2: Ball 2-2: Foul Ball, location: 2F 2-2: Foul Ball, location: 2F 2-2: Ball 3-2: Base on Balls William Hamilton to second
|
Batting: RHB Dwight Lewis
|
0-0: Ball 1-0: Called Strike 1-1: Ball 2-1: Foul Ball, location: 2F 2-2: Foul Ball, location: 2F 2-2: Foul Ball, location: 2F 2-2: Strikes out swinging
|
Batting: LHB Manny Salazar
|
0-0: Called Strike 0-1: Foul Ball, location: 2F 0-2: Ball 1-2: SINGLE (Line Drive, 8LS) William Hamilton to third Conan Hanson to second Runner from 3rd tries for Home, SAFE, throw made home Conan Hanson to third Manny Salazar to second
|
Batting: LHB Gilberto Ramírez
|
0-0: Ball 1-0: Called Strike 1-1: Swinging Strike 1-2: Ball 2-2: Fly out, F9 (Flyball, 9S)
|
Batting: RHB John Denton
|
0-0: Foul Ball, location: 2F 0-1: Foul Ball, location: 2F 0-2: SINGLE (Line Drive, 34D) Conan Hanson scores Manny Salazar to third Runner from 3rd tries for Home, SAFE, no throw or cutoff
|
Pitching: RHP Brenton Robbins
|
|
Batting: RHB Eugene Allen
|
0-0: Called Strike 0-1: Ball 1-1: SINGLE (Groundball, 56D) John Denton to second
|
Batting: RHB Ralph Powell
|
0-0: Called Strike 0-1: Called Strike 0-2: Strikes out swinging
|
Top of the 8th over - 3 run(s), 4 hit(s), 0 error(s), 2 left on base; Nebraska 6 - California 1 |
BOTTOM OF THE 8TH |
California Golden Bears batting - Pitching for Nebraska Cornhuskers : LHP Richard McClellan
|
Now at C: Robin Greer
|
|
Now in RF: Cliff Jackson
|
|
Batting: RHB Albert Alemán
|
0-0: Swinging Strike 0-1: Ball 1-1: Ground out U3 (Groundball, 3)
|
Batting: RHB Richard Stroud
|
0-0: Ball 1-0: Ball 2-0: Ball 3-0: Called Strike 3-1: Base on Balls
|
Batting: LHB Noah Gillespie
|
0-0: Ball 1-0: Ball 2-0: Ball 3-0: Called Strike 3-1: Base on Balls Richard Stroud to second
|
Batting: SHB Jeff McGill
|
0-0: Called Strike 0-1: Ball 1-1: Called Strike 1-2: Strikes out swinging
|
Batting: RHB John Mason
|
0-0: Ball 1-0: Swinging Strike 1-1: Ball 2-1: Called Strike 2-2: Ball 3-2: Base on Balls Richard Stroud to third Noah Gillespie to second
|
Pitching: LHP Jerry Conner
|
|
Batting: LHB António Costa
|
0-0: Fly out, F6 (Popup, 6D)
|
Bottom of the 8th over - 0 run(s), 0 hit(s), 0 error(s), 3 left on base; Nebraska 6 - California 1 |
TOP OF THE 9TH |
Nebraska Cornhuskers batting - Pitching for California Golden Bears : RHP Brenton Robbins
|
Pitching: RHP Aurelio Vásquez
|
|
Batting: LHB Dennis Fontenot
|
0-0: Called Strike 0-1: Swinging Strike 0-2: Ball 1-2: Foul Ball, location: 2F 1-2: Strikes out swinging
|
Batting: SHB William Hamilton
|
0-0: Ball 1-0: Called Strike 1-1: Foul Ball, location: 2F 1-2: Strikes out swinging
|
Batting: SHB Conan Hanson
|
0-0: Called Strike 0-1: Ball 1-1: Called Strike 1-2: Foul Ball, location: 2F 1-2: Ball 2-2: Strikes out swinging
|
Top of the 9th over - 0 run(s), 0 hit(s), 0 error(s), 0 left on base; Nebraska 6 - California 1 |
BOTTOM OF THE 9TH |
California Golden Bears batting - Pitching for Nebraska Cornhuskers : LHP Jerry Conner
|
Pitching: RHP Roy Mayer
|
|
Now at 2B: Christian McCord
|
|
Batting: RHB Júlio López
|
0-0: Called Strike 0-1: Ball 1-1: Ball 2-1: Bunt for hit - play at first, batter safe!
|
Batting: RHB Stanley Robbins
|
0-0: Ball 1-0: Ball 2-0: Called Strike 2-1: Fielders Choice at 2nd, 5-4 (Groundball, 5)
|
Batting: SHB Chris Woods
|
0-0: Ball 1-0: Ball 2-0: Foul Ball, location: 2F 2-1: Fly out, F9 (Line Drive, 9M)
|
Batting: RHB Albert Alemán
|
0-0: Foul Ball, location: 2F 0-1: Swinging Strike 0-2: Ball 1-2: Foul Ball, location: 2F 1-2: Ball 2-2: Foul Ball, location: 2F 2-2: Ground out 5-3 (Groundball, 56)
|
Bottom of the 9th over - 0 run(s), 1 hit(s), 0 error(s), 1 left on base; Nebraska 6 - California 1 |
|